 Dungeon Crawl Stone Soup version 0.23.2-1-ga50397a (webtiles) character file.

Game seed: 5683621600291450942

146 senseless the Skirmisher (level 5, -8/42 HPs)
             Began as a Demonspawn Fighter on May 25, 2019.
             Killed by divine providence
             ... invoked by an orc priest
              (12 damage)
             ... on level 3 of the Dungeon.
             The game lasted 00:05:36 (1659 turns).

senseless the Skirmisher (Demonspawn Fighter)       Turns: 1659, Time: 00:05:37

Health: -8/42      AC:  8    Str: 16    XL:     5   Next: 7%
Magic:  5/5        EV:  7    Int:  9    God:
Gold:   134        SH:  9    Dex: 14    Spells: 4/4 levels left

rFire    . . .     SeeInvis .   a - +0 long sword
rCold    . . .     Gourm    .   c - +0 shield
rNeg     . . .     Faith    .   b - +0 scale mail
rPois    .         Spirit   .   (no helmet)
rElec    .         Reflect  .   (no cloak)
rCorr    .         Harm     .   (no gloves)
MR       .....                  (no boots)
Stlth    ..........             (no amulet)
HPRegen  0.14/turn              (no ring)
MPRegen  0.09/turn              (no ring)

@: no status effects
A: iridescent scales 1, powered by death 1
a: no special abilities


You were on level 3 of the Dungeon.
You were hungry.

You visited 1 branch of the dungeon, and saw 3 of its levels.

You collected 134 gold pieces.

Inventory:

Hand Weapons
 a - a +0 long sword (weapon)
 o - a +0 shortbow
Missiles
 p - 31 arrows
Armour
 b - a +0 scale mail (worn)
 c - a +0 shield (worn)
Wands
 k - a wand of flame (21)
Scrolls
 e - 4 scrolls of identify
 g - a scroll of remove curse
 i - a scroll of immolation {unknown}
 n - a scroll of enchant armour {unknown}
Potions
 d - 3 potions of might
 h - a potion of agility
 j - 2 potions of berserk rage {unknown}
 l - 2 potions of lignification {unknown}
 m - 2 potions of mutation {unknown}
Comestibles
 f - 5 rations


   Skills:
 + Level 3.7 Fighting
 + Level 3.3 Long Blades
 + Level 3.2 Armour
 + Level 0.4 Dodging
 + Level 0.1 Stealth
 + Level 3.2 Shields


You had 4 spell levels left.
You didn't know any spells.
Your spell library was empty.

Dungeon Overview and Level Annotations

Branches:
Dungeon (3/15)

Altars:
Dithmenos
Nemelex Xobeh


Innate Abilities, Weirdness & Mutations

You are partially covered in iridescent scales. (AC +2)
You regenerate a little health from kills.


Message History

The orc priest closely misses you.
You hit the orc priest.
The orc priest is lightly wounded.
The orc wizard hits you but does no damage.
The orc priest invokes the aid of Beogh against you.
Beogh smites you!
The orc wizard hits you but does no damage.
You hit the orc priest but do no damage.
The orc priest is lightly wounded.
You block the orc priest's attack.
The orc wizard gestures wildly while chanting.
The orc wizard blinks!
You closely miss the orc priest.
The orc priest is lightly wounded.
The orc priest invokes the aid of Beogh against you.
Beogh smites you!
* * * LOW HITPOINT WARNING * * *
The orc priest calls down the wrath of Beogh upon you.
Beogh smites you!
You die...

##################
..........@oo?...%
######.#.ยง######.
###.#..#####
#....<.....#
..........###.#
###....#..#
#.#.#.#..>.
.......##.###
###.#.#.# .#


You could see an orc priest and an orc wizard.

Vanquished Creatures
  A centaur (D:2)
  2 adders (D:2)
  3 dart slugs
  2 leopard geckos
  An orc (D:3)
  A ball python (D:2)
  A bat (D:2)
  2 giant cockroaches (D:2)
  5 goblins
  5 hobgoblins
  3 kobolds
  A quokka (D:2)
  5 frilled lizards
  4 rats
36 creatures vanquished.

Notes
Turn   | Place    | Note
-------+----------+-------------------------------------------
     0 | D:1      | senseless the Demonspawn Fighter began the quest for the
                  | Orb.
     0 | D:1      | Reached XP level 1. HP: 18/18 MP: 1/1
   145 | D:1      | Gained mutation: You are partially covered in iridescent
                  | scales. (AC +2) [demonic ancestry]
   145 | D:1      | Reached XP level 2. HP: 21/24 MP: 2/2
   668 | D:2      | Found a sparkling altar of Nemelex Xobeh.
   696 | D:2      | Reached XP level 3. HP: 18/29 MP: 3/3
  1018 | D:2      | Noticed a centaur
  1025 | D:2      | Killed a centaur
  1025 | D:2      | Reached XP level 4. HP: 19/37 MP: 4/4
  1081 | D:2      | Found a shadowy altar of Dithmenos.
  1083 | D:2      | Gained mutation: You regenerate a little health from kills.
                  | [demonic ancestry]
  1083 | D:2      | Reached XP level 5. HP: 29/42 MP: 5/5
  1659 | D:3      | Killed from afar by an orc priest

Skill      XL: |  1  2  3 |
---------------+----------+-----
Long Blades    | 2 3 |  3.3
Armour         | 3 |  3.2
Shields        | 3 |  3.2
Fighting       | |  3.7
Dodging        | |  0.4
Stealth        | |  0.1

Action                   |  1- 3 |  4- 6 || total
-------------------------+-------+-------++-------
Melee: Long sword        |   112 |    41 ||   153
  Use: Scroll            |     2 |       ||     2
  Eat: Chunk             |       |     2 ||     2
Armor: Scale mail        |    34 |    14 ||    48
Dodge: Dodged            |    22 |    13 ||    35
Block: Shield            |    58 |    23 ||    81
       Rpst.: Long sword |     9 |     6 ||    15
